 Dungeon Crawl Stone Soup version 0.19.0-24-gb05acd6 (webtiles) character file.

119 Mysteryquy the Skirmisher (level 4, -3/36 HPs)
             Began as a Demonspawn Fighter on Nov 22, 2016.
             Slain by Crazy Yiuf
             ... wielding a +2 quarterstaff of chaos
              (5 damage)
             ... on level 2 of the Dungeon.
             The game lasted 00:03:48 (2298 turns).

Mysteryquy the Skirmisher (Demonspawn Fighter)      Turns: 2298, Time: 00:03:48

Health: -3/36      AC:  6    Str: 18    XL:     4   Next: 73%
Magic:  4/4        EV:  7    Int:  9    God:
Gold:   58         SH: 11    Dex: 12    Spells: 0 memorised, 3 levels left

rFire  + . .     SeeInvis .     a - +0 long sword
rCold  . . .     Gourm    .     b - +0 scale mail
rNeg   . . .     Faith    .     k - +2 shield
rPois  .         Spirit   .     (helmet restricted)
rElec  .         Reflect  .     (no cloak)
rCorr  .         Harm     .     (no gloves)
MR     .....                    (no boots)
Stlth  ..........               (no amulet)
                                (no ring)
                                (no ring)

@: lethally poisoned (-3 -> -6), slowed, drained, very slow
A: antennae 1, fire resistance 1
a: no special abilities


You were on level 2 of the Dungeon.
You were hungry.

You visited 1 branch of the dungeon, and saw 2 of its levels.

You collected 58 gold pieces.

Inventory:

Hand Weapons
 a - a +0 long sword (weapon)
Armour
 b - a +0 scale mail (worn)
 c - a +0 shield
 k - a +2 shield (worn)
Jewellery
 g - an uncursed ring of resist corrosion {unknown}
Scrolls
 e - a scroll of identify {unknown}
 j - a scroll of fog {unknown}
 m - a scroll of immolation {unknown}
 o - a scroll of remove curse {unknown}
Potions
 d - 2 potions of might
 h - a potion of curing {unknown}
 i - a potion of haste {unknown}
 l - a potion of mutation {unknown}
 n - a potion of cancellation {unknown}
Comestibles
 f - a bread ration
 p - 2 meat rations
 q - a beef jerky
 r - a chunk of flesh


   Skills:
 + Level 3.6(3.3) Fighting
 + Level 2.8(2.6) Long Blades
 + Level 3.2(2.9) Armour
 + Level 1.0(0.7) Dodging
 + Level 3.3(3.0) Shields


You had 3 spell levels left.
You didn't know any spells.

Dungeon Overview and Level Annotations

Branches:
Dungeon (2/15)

Altars:
Cheibriados
Gozag
Hepliaklqana
Kikubaaqudgha
Qazlal
Zin
The Shining One

Annotations:
D:2 Crazy Yiuf


Innate Abilities, Weirdness & Mutations

You have a pair of small antennae on your head.
Your flesh is heat resistant. (rF+)


Message History

Crazy Yiuf hits you with a quarterstaff of chaos.
* * * LOW HITPOINT WARNING * * *
You feel drained.
* * * LOW HITPOINT WARNING * * *
You closely miss Crazy Yiuf.
* * * LOW HITPOINT WARNING * * *
You feel sick.
Crazy Yiuf hits you with a quarterstaff of chaos.
* * * LOW HITPOINT WARNING * * *
Crazy Yiuf hits you but does no damage.
* * * LOW HITPOINT WARNING * * *
You feel sick.
* * * LOW HITPOINT WARNING * * *
You feel sick. Crazy Yiuf hits you but does no damage.
* * * LOW HITPOINT WARNING * * *
You feel sick.
* * * LOW HITPOINT WARNING * * *
You feel sick.
Crazy Yiuf hits you with a quarterstaff of chaos.
You die...

####.# #..# #.# #.# #.#.
####.# #### #.###.# #.#.
.....# #.....# #.#. ####.#
#.##### #.#. #.# ####
♣♣##.....# #... #.# #)..#♣♣
♣♣..'.###.###>.# #.#
#...'.♣♣♣♣..............#
#.#
#...#♣.g♣.)...)###.####.#
#.# #### ♣♣♣@♣...'.#...#
#.# #.# ♣♣♣♣♣##...#.# #.#
#.## ###...# #.# #..# ###
##.## #.# #########.# #.#
#.# ..........# #.# #.#
#########.# ############.#
#.# #.####............# #.#
#########...##.############
#.#


You could see Crazy Yiuf.

Vanquished Creatures
  Jessica (D:2)
  Natasha (twice) (D:2)
  An adder (D:2)
  A worm (D:2)
  2 dart slugs (D:2)
  A bat (D:2)
  A giant cockroach (D:2)
  3 goblins (D:2)
  2 hobgoblins (D:2)
  3 jackals (D:2)
  6 kobolds (D:1)
  2 frilled lizards (D:1)
  6 rats
31 creatures vanquished.

Notes
Turn   | Place    | Note
-------+----------+-------------------------------------------
     0 | D:1      | Mysteryquy the Demonspawn Fighter began the quest for the Orb.
     0 | D:1      | Reached XP level 1. HP: 18/18 MP: 1/1
   590 | D:1      | Gained mutation: Your flesh is heat resistant. (rF+) [demonic ancestry]
   590 | D:1      | Reached XP level 2. HP: 24/24 MP: 2/2
  1170 | D:2      | Found an ancient bone altar of Kikubaaqudgha.
  1265 | D:2      | Noticed Jessica
  1274 | D:2      | Killed Jessica
  1274 | D:2      | Reached XP level 3. HP: 17/29 MP: 3/3
  1423 | D:2      | Noticed Natasha
  1441 | D:2      | Killed Natasha
  1441 | D:2      | Gained mutation: You have a pair of small antennae on your head. [demonic ancestry]
  1441 | D:2      | Reached XP level 4. HP: 5/35 MP: 4/4
  1529 | D:2      | Found a stormy altar of Qazlal.
  1648 | D:2      | Found an opulent altar of Gozag.
  1650 | D:2      | Found a glowing silver altar of Zin.
  1651 | D:2      | Found a hazy altar of Hepliaklqana.
  1652 | D:2      | Found a snail-covered altar of Cheibriados.
  1858 | D:2      | Found a glowing golden altar of the Shining One.
  1910 | D:2      | Noticed Natasha
  1923 | D:2      | Killed Natasha
  2157 | D:2      | Reached skill level 1 in Dodging
  2218 | D:2      | Found a runed door.
  2286 | D:2      | Noticed Crazy Yiuf
  2298 | D:2      | Slain by Crazy Yiuf

Skill      XL: |  1  2  3  4 |
---------------+-------------+-----
Long Blades    | 2 |  2.8
Armour         | 3 |  3.2
Shields        | 3 |  3.3
Dodging        | 1 |  1.0
Fighting       | |  3.6

Action                   |  1- 3 |  4- 6 || total
-------------------------+-------+-------++-------
Melee: Long sword        |    99 |    51 ||   150
  Eat: Chunk             |     2 |     2 ||     4
Armor: Scale mail        |    39 |    23 ||    62
Dodge: Dodged            |    23 |     8 ||    31
Block: Shield            |    57 |    36 ||    93
       Rpst.: Long sword |    11 |     1 ||    12
